 Dungeon Crawl Stone Soup version 0.23-a0-139-ga22e90c (webtiles) character file.

4 Amnesiac the Gusty (level 1, -3/13 HPs)
             Began as a Mummy Air Elementalist on Aug 30, 2018.
             Was an Initiate of Vehumet.
             Killed from afar by an orc wizard (4 damage)
             ... with a magic dart
             ... on level 4 of the Dungeon.
             The game lasted 00:01:10 (479 turns).

Amnesiac the Gusty (Mummy Air Elementalist)          Turns: 479, Time: 00:01:11

Health: -3/13      AC:  4    Str: 11    XL:     1   Next: 50%
Magic:  4/4        EV: 12    Int: 14    God:    Vehumet [......]
Gold:   13         SH:  0    Dex: 12    Spells: 4/5 levels left

rFire    x . .     SeeInvis .   e - -1 hand axe (curse)
rCold    + . .     Gourm    .   (no shield)
rNeg     + + +     Faith    .   a - +0 robe
rPois    ∞         Spirit   .   b - +0 helmet
rElec    .         Reflect  .   (no cloak)
rCorr    .         Harm     .   c - +0 pair of gloves
MR       .....                  (no boots)
Stlth    ++........             (no amulet)
HPRegen  0.04/turn              (no ring)
MPRegen  0.09/turn              (no ring)

@: very slightly contaminated
A: no food or potions, fire vulnerability, cold resistance 1, negative energy
resistance 3, torment resistance, unbreathing
a: Renounce Religion


You were on level 4 of the Dungeon.
You worshipped Vehumet.
Vehumet was noncommittal.
You were not hungry.

You visited 2 branches of the dungeon, and saw 5 of its levels.

You collected 13 gold pieces.

Inventory:

Hand Weapons
 e - a cursed -1 hand axe (weapon)
Armour
 a - a +0 robe (worn)
 b - a +0 helmet (worn)
 c - a +0 pair of gloves (worn)
Scrolls
 d - a scroll of immolation {!r, unknown}


   Skills:
 - Level 1.5 Dodging
 - Level 1.5 Stealth
 + Level 2.6 Spellcasting
 - Level 0.7 Conjurations
 * Level 2.7 Air Magic


You had 4 spell levels left.
You knew the following spells:

 Your Spells              Type           Power        Failure   Level  Hunger
a - Shock                 Conj/Air       #...         11%         1    N/A

Your spell library contained the following spells:

 Spells                   Type           Power        Failure   Level  Hunger
 Swiftness                Chrm/Air       #.......     19%         2    N/A
 Static Discharge         Conj/Air       #.......     32%         3    N/A
 Airstrike                Air            #.........   58%         4    N/A
 Lightning Bolt           Conj/Air       #.........   97%         5    N/A

Dungeon Overview and Level Annotations

Branches:
Dungeon (4/15)             Temple (1/1) D:4

Altars:
Ashenzari
Elyvilon
Fedhas
Gozag
Hepliaklqana
Kikubaaqudgha
Nemelex Xobeh
Ru
Trog
Uskayaw
Vehumet
Wu Jian
Xom
Yredelemnul
Zin
The Shining One


Innate Abilities, Weirdness & Mutations

You do not eat or drink.
Your flesh is vulnerable to fire.
You are immune to poison.
Your flesh is cold resistant. (rC+)
You are immune to negative energy. (rN+++)
You are immune to unholy pain and torment.
You can survive without breathing.


Message History

Found three altars.
Found three altars.
There is a sacrificial altar of Ru here.
Found three altars.
There is a glowing golden altar of the Shining One here.
Found three altars.
There is a bloodstained altar of Trog here.
Found a white marble altar of Elyvilon.
There is a glowing silver altar of Zin here.
There is an ancient bone altar of Kikubaaqudgha here.
There is a radiant altar of Vehumet here.
You start resting.
HP restored.
You start resting.
HP restored.
You kneel at the altar of Vehumet.
Vehumet welcomes you!
There is a glowing silver altar of Zin here.
There is a bloodstained altar of Trog here.
There is a glowing golden altar of the Shining One here.
There is a sacrificial altar of Ru here.
There is a staircase back to the Dungeon here.
You climb upwards.
Welcome back to the Dungeon!
You hear the sound of rushing water.
There is an entrance to a sewer on this level.
Hurry and find it before the You hear the rusting of a distant drain.
An orc comes into view. It is wielding a war axe.
There is a staircase to the Ecumenical Temple here.
Casting: Shock (safe; 11% risk of failure)
Confirm with . or Enter, or press ? or * to list all spells.
Aiming: Shock (safe; 11% risk of failure)
Press: ? - help, Shift-Dir - straight line, f - orc
Aim: an orc, wielding an enchanted hand axe and wearing a leather armour You miscast Shock.
You are very lightly contaminated with residual magic.
Nothing appears to happen.
The orc shouts!
An orc wizard comes into view. It is wielding a dagger.
Unknown command.
Press: ? - help, v - describe, . - travel
Here: an orc, wielding an enchanted hand axe and wearing a leather armour The floor.
Unknown command.
You enter the shallow water.
Moving in this stuff is going to be slow.
A hound comes into view.
A bullfrog skeleton comes into view.
The hound barks!
An orc comes into view. It is wielding a whip.
The bullfrog skeleton barely misses you.
The orc wizard mumbles some strange words.
The orc wizard blinks!
The bullfrog skeleton closely misses you.
The bullfrog skeleton hits you but does no damage.
The orc splashes around in the water.
The orc wizard casts a spell at you. The magic dart hits you!
Ouch! That really hurt!
* * * LOW HITPOINT WARNING * * *
The bullfrog skeleton hits you.
* * * LOW HITPOINT WARNING * * *
The orc wizard casts a spell at you. The magic dart hits you!
You die...

###+#####
#............ #...
#............
#....#...)........
#....#....# ....
#....#@#####...#
#.....≈§Zh.#...###
#....≈§oo≈.......#
+...§≈≈§o§≈......#
#...§§§>§§§#......
#..oo≈§§≈§§# .....
#....≈≈§§≈.# ....
+....o≈§§..... #..
#....#....+.... #


You could see a hound, an orc wizard, 5 orcs and a bullfrog skeleton.

Vanquished Creatures
  A leopard gecko (Temple)
  A giant cockroach (D:2)
  A rat (D:2)
3 creatures vanquished.

Notes
Turn   | Place    | Note
-------+----------+-------------------------------------------
     0 | D:1      | Amnesiac the Mummy Air Elementalist began the quest for the
                  | Orb.
     0 | D:1      | Reached XP level 1. HP: 13/13 MP: 4/4
   188 | D:4      | Found a staircase to the Ecumenical Temple.
   198 | Temple   | Entered the Ecumenical Temple
   450 | Temple   | Became a worshipper of Vehumet
   472 | D:4      | Noticed an orc wizard
   474 | D:4      | Noticed a hound
   479 | D:4      | Killed from afar by an orc wizard

Vault maps used:
D:1:      lemuel_arrival_rhombus
D:2:      nicolae_dithmenos_shadow_blocks, nicolae_overflow_hidden_temple,
          kennysheep_generic_room_14
D:3:      nicolae_ru_great_annihilating_truth, uniq_sigmund
D:4:      minmay_temple_entry_mist, gup_sewer_entry_pipe,
          ebering_ghost_reflecting_pool, uniq_blork_the_orc,
          uniq_crazy_yiuf_cottage, uniq_grinder
Temple:   lightli_temple_of_artemis

Action                   || total
-------------------------++-------
Melee: Hand axe          ||     1
 Cast: Shock             ||     7
Armor: Robe              ||     3
Dodge: Dodged            ||    14

Table legend:
 A = Non-vault XP
 B = Vault XP
 C = Vault XP percentage of total XP
 D = Non-vault monster count
 E = Vault monster count
 F = Vault count percentage of total count
                 A         B        C        D         E       F
            +---------+---------+-------+---------+---------+-------
      Total |       6 |       0 |   0.0 |       3 |       0 |   0.0
            +---------+---------+-------+---------+---------+-------
        D:2 |       3 |       0 |   0.0 |       2 |       0 |   0.0
     Temple |       3 |       0 |   0.0 |       1 |       0 |   0.0
            +---------+---------+-------+---------+---------+-------
